cohdb
Replays
Latest Replays
All Replays
Popular Replays
Top Player Replays
Match Explorer
How It Works
Community
CoH3 Stats
Reddit
Sign in to upload your games and track your stats! →
Sign in with Steam
Match 44249574
Unlisted
Match 44249574
Overview
Messages
Build Orders
End
Construct Barracks
Selects Armored Battlegroup
Selects Veteran Crews
1⁄4-ton 4x4 Truck
Riflemen Squad
Riflemen Squad
Grenade Package
Riflemen Squad
Mechanized Support Center
Engineer Squad
Construct Motor Pool
M8 Greyhound Armored Car
Selects Strength in Steel
M1 Anti-tank Gun Team
M1918 Browning Automatic Rifles
Construct Tank Depot
.30 cal Machine Gun
M4A1 Sherman Medium Tank
M4A1 76mm Conversion
M1 Anti-tank Gun Team
Selects Field Repairs
AceRobby
Gwangju's Hero Chun Doo-gwang
freedman1984
TacticalVanguard
Arnie
Maniax
Silianu
soiweg
0
0
Comments
sign in to comment!
No comments posted yet!